cohdb
Replays
Latest Replays
All Replays
Popular Replays
Top Player Replays
Match Explorer
How It Works
Community
CoH3 Stats
Reddit
Sign in to upload your games and track your stats! →
Sign in with Steam
Match 35970987
Unlisted
Match 35970987
Overview
Messages
Build Orders
End
Kradschützen Motorcycle Team
Selects Battlefield Espionage Battlegroup
Panzergrenadier Squad
Panzergrenadier Squad
Construct Light Support Kompanie
250 Light Carrier
2.5-tonne Medical Truck
Selects 250/3 Funkpanzerwagen
Assault Grenadier Squad
Panzerjäger Mechanized Group
Selects Sector Subterfuge Beacon
Selects Plunder
Fire Support Elements
Veteran Squad Leaders
Flakvierling Half-track
Assault Grenadier Squad
Panzergrenadier Squad
Assault Mechanized Group
MG34 Team
Construct Panzerarmee Kommand
Selects Advanced Ambush Training
Pak 38 Mechanized Group
Panzer III L Medium Tank
Selects Operation Skorpion
Selects Firestorm
Pak 38 Mechanized Group
Firestorm
Flak 36 Anti-tank Gun Team
Armored Reserves
Panzer III L Medium Tank
Panzerpioneer Squad
Firestorm
Construct Mechanized Kompanie
Panzergrenadier Squad
StuG Assault Group
DEKA
v4mp - HTB -
DibbeTC
Mad Mac
0
0
Comments
sign in to comment!
No comments posted yet!